 Dungeon Crawl Stone Soup version 0.20.1-1-g8b1a95d (webtiles) character file.

3174 Goboxel the Zephyrmancer (level 9, -13/54 HPs)
             Began as a Tengu Air Elementalist on July 16, 2017.
             Was a Priest of Sif Muna.
             Mangled by a two-headed ogre
             ... wielding a +0 giant club
              (25 damage)
             ... on level 8 of the Dungeon.
             The game lasted 00:22:48 (7224 turns).

Goboxel the Zephyrmancer (Tengu Air Elementalist)   Turns: 7224, Time: 00:22:48

Health: -13/54     AC:  4    Str:  9    XL:     9   Next: 95%
Magic:  14/19      EV: 18    Int: 18    God:    Sif Muna [***...]
Gold:   373        SH:  0    Dex: 15    Spells: 9/20 levels left

rFire    . . .     SeeInvis .   s - +3 short sword (drain)
rCold    . . .     Gourm    .   (no shield)
rNeg     . . .     Faith    .   a - +0 robe
rPois    .         Spirit   .   f - +1 hat
rElec    .         Reflect  .   (no cloak)
rCorr    +         Harm     .   g - +0 pair of gloves
MR       .....                  (boots unavailable)
Stlth    ++........             j - amulet of magic regeneration
Regen    0.2/turn               p - +4 ring of evasion
MPRegen  0.3/turn               u - ring of resist corrosion

@: swift, very quick
A: beak, talons 3, able to fly 1
a: Fly, Divine Energy, Channel Magic, Renounce Religion


You were on level 8 of the Dungeon.
You worshipped Sif Muna.
Sif Muna was most pleased with you.
You were very hungry.

You visited 1 branch of the dungeon, and saw 8 of its levels.
You also visited: Ossuary.

You collected 415 gold pieces.
You spent 42 gold pieces at shops.

Inventory:

Hand Weapons
 e - the cursed +2 mace of Poverty {vamp, *Corrode +Blink +Rage Int+4, unknown}
   (You took it off a kobold on level 7 of the Dungeon)

   It inflicts no extra harm, but heals its wielder when it wounds a living foe.
   It affects your intelligence (+4).
   It lets you blink.
   It lets you go berserk.
   It may corrode you when you take damage.
   It has a curse placed upon it.
 s - a +3 short sword of draining (weapon)
 D - a +1 short sword of freezing
Armour
 a - a +0 robe (worn)
 f - a +1 hat (worn)
 g - a +0 pair of gloves (worn)
Jewellery
 j - an amulet of magic regeneration (around neck)
 p - a +4 ring of evasion (left hand)
 u - a ring of resist corrosion (right hand)
Wands
 i - a wand of paralysis (3/24)
 q - a wand of flame (33/48)
 x - a wand of acid (6/15)
Scrolls
 l - a scroll of fear
 t - 2 scrolls of amnesia
 v - 3 scrolls of recharging
 w - a scroll of enchant weapon
 A - 3 scrolls of magic mapping
Potions
 h - 4 potions of haste
 m - a potion of ambrosia
 o - 2 potions of curing
 r - 2 potions of might {unknown}
 z - a potion of cancellation {unknown}
 B - a potion of mutation {unknown}
 E - a potion of lignification {unknown}
Books
 b - a book of Air

   Spells                             Type                      Level
   a - Shock                          Conjuration/Air              1
   b - Swiftness                      Charms/Air                   2
   c - Static Discharge               Conjuration/Air              3
   d - Airstrike                      Air                          4
   e - Lightning Bolt                 Conjuration/Air              5
 n - a book of Misfortune

   Spells                             Type                      Level
   a - Confusing Touch                Hexes                        1
   b - Confuse                        Hexes                        3
   c - Gell's Gravitas                Translocation                3
   d - Petrify                        Transmutation/Earth          4
   e - Metabolic Englaciation         Hexes/Ice                    5
   f - Yara's Violent Unravelling     Hexes/Transmutation          5
Comestibles
 c - 6 bread rations
 d - 6 meat rations
 k - 4 royal jellies


   Skills:
 + Level 5.3 Fighting
 + Level 4.9 Short Blades
 - Level 4.2 Dodging
 - Level 2.0 Stealth
 + Level 6.1 Spellcasting
 + Level 8.4 Conjurations
 + Level 9.1 Air Magic


You had 9 spell levels left.
You knew the following spells:

 Your Spells              Type           Power        Failure   Level  Hunger
a - Shock                 Conj/Air       ####         1%          1    None
b - Swiftness             Chrm/Air       ###.....     2%          2    None
c - Static Discharge      Conj/Air       #####...     1%          3    ##.....
d - Lightning Bolt        Conj/Air       #####.....   9%          5    #####..


Dungeon Overview and Level Annotations

Branches:
Dungeon (8/15)             Temple (0/1) D:4
   Lair: D:8-11

Altars:
Cheibriados
Elyvilon
Gozag
Hepliaklqana
Kikubaaqudgha
Okawaru
Qazlal
Sif Muna
Uskayaw
Zin

Shops:
D:5 (:*

Annotations:
D:8 Erica


Innate Abilities, Weirdness & Mutations

You have a beak for a mouth.
You have claws for feet.
You can fly.


Message History

The lightning grounds out.
The two-headed ogre completely misses you.
The two-headed ogre hits you with a dire flail.
Unknown command.
Casting: Static Discharge
Confirm with . or Enter, or press ? or * to list all spells.
The two-headed ogre is struck by lightning.
The two-headed ogre is heavily wounded.
The lightning arcs!
You are struck by lightning.
The lightning arcs!
The two-headed ogre is struck by lightning.
The two-headed ogre is heavily wounded.
The lightning grounds out.
The two-headed ogre hits you with a giant club!!
The two-headed ogre hits you with a dire flail!
* * * LOW HITPOINT WARNING * * *
Casting: Static Discharge
Confirm with . or Enter, or press ? or * to list all spells.
You feel quick.
The two-headed ogre hits you with a giant club!!
You die...

#######.#####
#.# #.# #.#
#.# #.# #.#
#O# #@# #.#
#<# ###


You could see a two-headed ogre.

Vanquished Creatures
  Pikel (D:6)
  The ghost of Knicklaso the Slicer, a novice HaBe of Trog (D:4)
  A hippogriff (D:7)
  A hungry ghost (D:7)
  Menkaure (D:7)
  A sky beast (D:6)
  2 phantoms (D:7)
  3 slaves
  4 ogres
  3 centaurs (D:6)
  A big kobold (D:6)
  A bullfrog (D:7)
  A gnoll sergeant (D:6)
  4 howler monkeys
  3 crimson imps
  2 hounds (D:7)
  An orc priest (D:4)
  3 orc wizards (D:4)
  Jessica (D:2)
  A worker ant (D:6)
  A hound skeleton (D:7)
  14 mummies (Ossuary)
  8 adders
  9 gnolls
  A howler monkey skeleton (D:4)
  2 adder zombies
  An adder skeleton (D:4)
  A worm (D:5)
  2 dart slugs
  6 leopard geckos
  28 orcs
  A bat zombie (D:4)
  A giant cockroach (D:1)
  3 goblins
  5 hobgoblins
  19 jackals
  19 kobolds
  A quokka (D:7)
  6 bats
  6 frilled lizards
  A giant cockroach zombie (D:5)
  3 gnoll skeletons (Ossuary)
  A goblin skeleton (Ossuary)
  4 kobold skeletons (Ossuary)
  9 rats
  11 rat skeletons (Ossuary)
  A rat zombie (D:4)
200 creatures vanquished.

Vanquished Creatures (others)
  A worker ant (D:4)
  A dart slug (D:4)
2 creatures vanquished.

Grand Total: 202 creatures vanquished

Notes
Turn   | Place    | Note
-------+----------+-------------------------------------------
     0 | D:1      | Goboxel the Tengu Air Elementalist began the quest for the Orb.
     0 | D:1      | Reached XP level 1. HP: 10/10 MP: 4/4
   174 | D:1      | Reached XP level 2. HP: 15/15 MP: 1/6
   708 | D:1      | Reached XP level 3. HP: 20/20 MP: 5/7
   877 | D:2      | Reached skill level 1 in Fighting
   890 | D:2      | Found a hazy altar of Hepliaklqana.
  1078 | D:2      | Learned a level 3 spell: Static Discharge
  1081 | D:2      | Learned a level 2 spell: Swiftness
  1393 | D:2      | Noticed Jessica
  1400 | D:2      | Killed Jessica
  1400 | D:2      | Reached XP level 4. HP: 25/25 MP: 2/8
  1486 | D:2      | Reached skill level 5 in Air Magic
  1726 | D:2      | Found a hide-covered altar of Uskayaw.
  2207 | D:3      | Gained mutation: You can fly. [Tengu growth]
  2207 | D:3      | Reached XP level 5. HP: 30/30 MP: 10/10
  2682 | D:4      | Got a flickering pewter ring
  2692 | D:4      | Identified the cursed ring of Fikomaut {rElec rPois Int-5 Dex+8 Slay-6} (You found it on level 4 of the Dungeon)
  2700 | D:4      | Found a deep blue altar of Sif Muna.
  2767 | D:4      | Became a worshipper of Sif Muna the Loreminder
  2806 | D:4      | Found a staircase to the Ecumenical Temple.
  2927 | D:4      | Reached XP level 6. HP: 35/35 MP: 8/11
  2976 | D:4      | Noticed Knicklaso's ghost (novice HaBe)
  2999 | D:4      | Killed Knicklaso's ghost
  2999 | D:4      | Reached skill level 5 in Conjurations
  2999 | D:4      | Reached skill level 6 in Air Magic
  2999 | D:4      | Reached XP level 7. HP: 14/40 MP: 0/13
  3574 | D:4      | Found an ancient bone altar of Kikubaaqudgha.
  3692 | D:5      | Entered Level 5 of the Dungeon
  3731 | D:5      | Found a stormy altar of Qazlal.
  3800 | D:5      | Found a white marble altar of Elyvilon.
  4015 | D:5      | Found Nunn's Weapon Boutique.
  4148 | D:5      | Found Diunid's General Store.
  4163 | D:5      | Bought a scroll of remove curse for 42 gold pieces
  4240 | D:5      | Found Vociysac's Book Boutique.
  4280 | D:6      | Noticed Pikel
  4355 | D:6      | Found a sand-covered staircase.
  4362 | Ossuary  | Entered an ossuary
  4400 | Ossuary  | Reached * piety under Sif Muna
  4643 | Ossuary  | Reached XP level 8. HP: 45/45 MP: 9/15
  4832 | Ossuary  | Reached skill level 7 in Air Magic
  5093 | D:6      | Reached skill level 1 in Short Blades
  5173 | D:6      | Killed Pikel
  5173 | D:6      | Reached ** piety under Sif Muna
  5173 | D:6      | Reached skill level 5 in Spellcasting
  5414 | D:6      | Found a snail-covered altar of Cheibriados.
  5446 | D:6      | Reached XP level 9. HP: 52/52 MP: 9/17
  5647 | D:6      | Found an opulent altar of Gozag.
  5648 | D:6      | Found a glowing silver altar of Zin.
  5714 | D:6      | Reached skill level 8 in Air Magic
  5755 | D:7      | Noticed Menkaure
  6475 | D:7      | Learned a level 5 spell: Lightning Bolt
  6501 | D:7      | Got a dazzling mace {vamp}
  6532 | D:7      | Reached *** piety under Sif Muna
  6539 | D:7      | Found an iron altar of Okawaru.
  6541 | D:7      | Killed Menkaure
  6541 | D:7      | Reached skill level 5 in Fighting
  6882 | D:7      | Reached skill level 9 in Air Magic
  7005 | D:8      | Noticed Erica
  7206 | D:8      | Noticed a two-headed ogre
  7224 | D:8      | Mangled by a two-headed ogre

Skill      XL: |  1  2  3  4  5  6  7  8  9 |
---------------+----------------------------+-----
Conjurations   | 2 3 4 5 7 8 |  8.4
Fighting       | 1 2 4 5 |  5.3
Air Magic      | 5 6 7 9 |  9.1
Spellcasting   | 3 4 5 6 |  6.1
Dodging        | 3 4 |  4.2
Short Blades   | 3 4 |  4.9
Stealth        | |  2.0

Action                   |  1- 3 |  4- 6 |  7- 9 || total
-------------------------+-------+-------+-------++-------
Melee: Unarmed           |     4 |       |       ||     4
       Spear             |    13 |    24 |       ||    37
       Peck              |     5 |     2 |    22 ||    29
       Kick              |     2 |     9 |    38 ||    49
       Falchion          |       |     5 |    30 ||    35
       Short sword       |       |     3 |   122 ||   125
 Cast: Shock             |    60 |    60 |   179 ||   299
       Static Discharge  |     1 |     5 |    43 ||    49
       Swiftness         |       |       |     1 ||     1
Evoke: Wand              |       |       |     2 ||     2
  Use: Scroll            |       |     6 |    16 ||    22
       Potion            |       |       |     3 ||     3
 Stab: Sleeping          |     1 |     2 |     3 ||     6
  Eat: Chunk             |     2 |     6 |    11 ||    19
       Meat ration       |       |       |     1 ||     1
Armor: Robe              |     6 |     8 |    26 ||    40
Dodge: Dodged            |    19 |    28 |   188 ||   235
       Rpst.: Falchion   |       |     1 |    13 ||    14
